Map: Prion Terraces

Players

LilDicky - Winner!

  • Race: Terran Terran
  • League: Diamond

batcam

  • Race: Terran Terran
  • League: Platinum

VOD

http://www.twitch.tv/tumescentpie

Description

Time

  • Played on: Dec. 1, 2015, 9:31 a.m.
  • Length: 22:51
Show
View Real Time Build Order
Export as new Build Order

LilDicky Terran - Winner!

Build Orders: Banshee Rush 

Get SALT Encoding   

  12  0:01  SCV  
  13  0:13  SCV  
  14  0:22  Supply Depot  
  14  0:25  SCV  
  15  0:32  Refinery  
  15  0:44  SCV  
  15  0:46  Barracks  
  16  0:56  SCV  
  17  1:08  SCV  
  18  1:20  SCV  
  19  1:34  Orbital Command  
  19  1:36  Reaper  
  19  1:38  Supply Depot  
  20  1:57  Refinery  
  20  2:00  SCV  
  20  2:12  Factory  
  20  2:13  Marine  
  20  2:14  SCV  
  22  2:22  Supply Depot  
  22  2:26  SCV  
  23  2:38  SCV  
  24  2:55  Marine  
  25  3:04  SCV  
  26  3:06  Factory Tech Lab  
  26  3:07  Starport  
  26  3:14  Marine  
  26  3:16  SCV  
  28  3:22  Supply Depot  
  28  3:23  Command Center  
  28  3:28  SCV  
  28  3:29  Engineering Bay  
  28  3:30  Widow Mine  
  28  3:32  Marine  
  32  3:40  SCV  
  33  3:49  Supply Depot  
  33  3:50  Banshee, Cloaking Field, Marine  
  33  3:53  SCV  
  38  4:05  SCV  
  38  4:07  Widow Mine  
  38  4:08  Missile Turret  
  38  4:09  Marine  
  43  4:17  SCV  
  43  4:27  Marine  
  44  4:35  SCV  
  44  4:36  Orbital Command  
  45  4:46  Supply Depot  
  45  4:52  SCV  
  46  4:53  Banshee  
  46  4:54  Factory Tech Lab  
  46  4:55  Marine  
  50  5:02  Barracks  
  50  5:03  Barracks  
  50  5:04  SCV  
  51  5:24  SCV  
  51  5:25  SCV  
  53  5:32  Orbital Command  
  50  5:36  Banshee, Marine  
  53  5:50  Siege Tank  
  53  5:54  Command Center  
  56  5:58  Refinery  
  56  6:01  Refinery  
  56  6:05  Refinery x2  
  56  6:26  SCV x2  
  56  6:27  Banshee  
  56  6:28  Siege Tank  
  60  6:43  Marine  
  60  6:48  Barracks Tech Lab  
  60  6:49  Barracks Tech Lab  
  60  6:57  Missile Turret  
  60  7:01  Marine  
  61  7:15  Siege Tank  
  61  7:16  Combat Shields  
  61  7:17  Stimpack  
  61  7:19  Marine  
  61  7:21  Starport Reactor, Marine x2  
  64  7:31  Missile Turret  
  64  7:32  Missile Turret  
  64  7:33  SCV  
  64  7:34  Missile Turret  
  65  7:37  Marine  
  66  7:55  Marine  
  66  7:57  Marine x2  
  65  8:11  SCV x2  
  67  8:12  Marine  
  67  8:13  Orbital Command  
  67  8:15  Marine  
  69  8:23  SCV, Marine  
  69  8:24  SCV  
  72  8:28  Siege Tank  
  72  8:30  Marine  
  72  8:31  Viking  
  78  8:35  SCV, Viking  
  78  8:37  Marine  
  78  8:40  SCV  
  78  8:41  SCV  
  84  8:48  SCV  
  80  8:49  Starport  
  80  8:56  Marine x2  
  80  9:00  Siege Tank  
  85  9:08  Liberator x2  
  82  9:15  Marine  
  83  9:20  SCV x3  
  83  9:21  Missile Turret  
  92  9:31  Supply Depot  
  92  9:32  Banshee  
  95  9:55  Siege Tank  
  95  9:57  SCV x3  
  95  9:59  Command Center  
  101  10:04  Command Center  
  90  10:24  Banshee  
  90  10:25  Viking x2  
  90  10:27  Siege Tank  
  100  10:33  Missile Turret  
  100  10:34  SCV x2  
  100  10:35  SCV, Missile Turret  
  103  10:37  Marine x3  
  103  10:38  Missile Turret  
  106  10:44  Liberator  
  106  10:46  SCV x2  
  106  10:47  Command Center  
  106  10:49  SCV  
  109  10:50  Barracks x2  
  109  10:51  Barracks  
  109  10:52  Supply Depot x2  
  109  10:54  Supply Depot  
  109  10:58  SCV x2, Marine x2  
  109  11:00  Supply Depot  
  109  11:01  SCV  
  117  11:14  SCV, Marine  
  117  11:15  SCV x2  
  117  11:16  Marine x2  
  123  11:21  Supply Depot  
  123  11:23  Missile Turret  
  123  11:26  SCV  
  123  11:27  SCV, Banshee  
  128  11:37  SCV  
  128  11:38  SCV  
  128  11:39  SCV  
  131  11:40  Missile Turret  
  131  11:49  SCV  
  132  12:09  SCV x2  
  132  12:11  Orbital Command  
  132  12:14  SCV  
  132  12:15  Marine  
  132  12:17  Marauder x2  
  132  12:20  Barracks Reactor  
  132  12:21  Barracks Reactor, SCV  
  138  12:23  Barracks Reactor  
  138  12:29  SCV x2, Refinery  
  140  12:31  Refinery  
  140  12:33  SCV  
  141  12:41  SCV, Sensor Tower  
  142  12:52  Marine x3  
  144  13:08  SCV x4  
  144  13:10  Marine x2  
  144  13:11  Marauder  
  152  13:20  SCV x2  
  152  13:21  Missile Turret  
  152  13:24  Command Center  
  154  13:27  Sensor Tower  
  154  13:29  Marauder  
  156  13:58  Marine  
  156  13:59  Marauder, Siege Tank, Marine x4  
  156  14:00  Command Center, Banshee  
  156  14:01  Viking  
  171  14:03  Terran Infantry Weapons Level 1  
  171  14:06  Armory  
  171  14:10  Armory  
  171  14:13  Factory  
  171  14:15  Factory  
  171  14:16  Factory, Concussive Shells  
  171  14:17  Engineering Bay, Marine  
  171  14:22  Marauder, Viking, Marine x2  
  171  14:23  Marauder  
  171  14:24  Marine x2  
  182  14:30  Missile Turret  
  182  14:31  Viking  
  182  14:32  Siege Tank  
  187  14:43  Banshee  
  187  14:44  Marauder x2  
  194  14:48  Marine x7  
  195  14:56  Planetary Fortress  
  195  15:02  Factory Tech Lab x3  
  195  15:05  Terran Infantry Armor Level 1, Marine x2  
  195  15:06  Terran Vehicle And Ship Armor Level 1, Marine x3  
  200  15:07  Terran Vehicle Weapons Level 1  
  200  15:16  Command Center  
  200  15:21  Viking  
  108  16:15  Marine  
  108  16:16  Marine x8  
  108  16:17  Siege Tank  
  108  16:18  Siege Tank x3  
  120  16:33  Marine  
  120  16:34  Marauder x2, Marine  
  121  16:42  Marine x5  
  126  16:50  Siege Tank x4  
  126  16:51  Marine x2  
  135  16:54  Planetary Fortress  
  135  16:55  Marine  
  135  16:56  Marauder  
  135  16:58  Missile Turret  
  135  17:00  Marine x5  
  140  17:03  Missile Turret  
  133  17:09  Marine x2  
  133  17:12  Command Center  
  133  17:14  Marauder  
  119  17:17  Marine, Viking x3, Marauder  
  119  17:18  Marine x4  
  119  17:22  Siege Tank x4  
  144  17:27  Marine x2  
  146  17:34  Marine  
  146  17:35  Marine  
  146  17:36  Marine x4  
  152  17:38  Marine  
  153  17:44  Marine  
  153  17:45  Marine  
  153  17:47  Banshee  
  156  17:53  Marine, Marauder  
  156  17:54  Hellion, Siege Tank x3  
  156  17:56  Marauder  
  156  17:57  Orbital Command  
  167  17:59  Liberator  
  167  18:00  Liberator  
  166  18:11  Marine  
  166  18:14  Marauder  
  166  18:18  Marauder  
  162  18:30  Banshee  
  165  18:36  Marauder  
  167  18:42  Liberator x2  
  167  18:46  Starport  
  167  18:47  Starport x2, Marine  
  167  18:48  Marauder  
  170  18:53  Terran Vehicle Weapons Level 2  
  170  18:54  Terran Infantry Weapons Level 2, Terran Infantry Armor Level 2  
  170  18:57  Marauder  
  158  19:12  Banshee  
  153  19:25  Liberator x2  
  151  19:33  Marine x2  
  151  19:34  Marauder x2  
  151  19:36  Marine x3  
  156  19:38  Liberator  
  156  19:40  Marine  
  156  19:41  Marine  
  156  19:47  Siege Tank x3  
  156  19:51  Marine  
  150  19:56  Marauder x2  
  104  20:07  Marine x6  
  104  20:09  Marine, Orbital Command  
  104  20:10  Siege Tank  
  105  20:17  Marauder x2  
  105  20:19  Siege Tank x3  
  116  20:24  Marine  
  116  20:25  Marine x3  
  111  20:33  Marine  
  111  20:34  Marine  
  110  20:38  Banshee, Marauder x2  
  110  20:42  Siege Tank  
  117  20:49  Marine  
  107  20:51  Marine  
  107  20:52  Marine  
  92  21:00  Marauder x2  
  91  21:07  Marine  
  91  21:09  Marine  
  91  21:18  SCV x2  
  92  21:21  Banshee, Marauder x2  
  92  21:25  Marine  
  97  21:27  Marine  
  97  21:31  Command Center  
  98  21:36  Liberator  
  98  21:37  Liberator  
  98  21:42  Marauder  
  98  21:43  Marauder, Marine  
  98  21:45  Marine  
  110  22:00  Marine  
  108  22:02  Marine  
  108  22:04  Banshee, Marauder x2  
  116  22:08  Refinery  
  116  22:12  Refinery  
  116  22:13  Refinery x2  
  114  22:18  Marine  
  114  22:20  Marine  
  113  22:25  Marauder x2  
Show
View Real Time Build Order
Export as new Build Order

batcam Terran 

Build Orders: Liberator Opening 

Get SALT Encoding   

  12  0:00  SCV  
  13  0:13  SCV  
  14  0:17  Supply Depot  
  14  0:25  SCV  
  15  0:39  SCV  
  16  0:44  Barracks  
  16  0:46  Refinery  
  16  0:54  SCV  
  17  1:06  SCV  
  18  1:18  SCV  
  19  1:24  Refinery  
  19  1:27  Supply Depot  
  19  1:30  SCV  
  19  1:31  Marine  
  21  1:42  SCV  
  22  1:48  Barracks  
  22  1:51  Marine  
  23  1:55  SCV  
  24  2:07  SCV, Factory  
  25  2:17  Supply Depot  
  25  2:18  Marine  
  26  2:30  Orbital Command  
  26  2:35  Marine  
  27  2:40  Supply Depot  
  27  2:46  Marine  
  28  2:54  Marine  
  28  2:57  Factory Reactor  
  29  3:01  Starport  
  28  3:11  Marine  
  29  3:17  Barracks Tech Lab  
  29  3:19  SCV  
  30  3:31  Marine  
  30  3:32  SCV  
  32  3:45  Factory Tech Lab  
  32  3:47  Liberator  
  32  3:50  Stimpack, Marine  
  33  3:58  Marine  
  34  4:02  Command Center  
  37  4:10  Engineering Bay  
  37  4:15  Siege Tank  
  40  4:23  Marine  
  41  4:34  Marine  
  42  4:40  Missile Turret  
  42  4:44  Missile Turret  
  42  4:46  Medivac  
  42  4:49  Marine  
  45  4:54  Marine  
  46  5:06  Supply Depot  
  45  5:22  Marine x2  
  45  5:27  Viking, Siege Tank  
  50  5:40  Marine x2  
  52  5:54  SCV  
  53  5:57  Missile Turret  
  53  5:58  Marine  
  55  6:07  Barracks Reactor  
  53  6:13  SCV x2  
  53  6:16  Marine  
  53  6:25  SCV  
  53  6:26  SCV  
  54  6:34  Marine  
  54  6:38  SCV  
  56  6:45  Marine x2  
  58  6:49  SCV  
  58  6:51  Missile Turret, Marine  
  58  6:53  SCV  
  60  7:03  Marine  
  60  7:06  Orbital Command  
  59  7:09  Marine  
  60  7:27  SCV, Marine x2  
  60  7:28  Missile Turret  
  63  7:39  SCV  
  63  7:40  Supply Depot  
  63  7:44  Missile Turret  
  64  7:54  Marine x2  
  66  7:59  Marine  
  67  8:12  Marine x2  
  66  8:15  Medivac  
  66  8:17  Marauder  
  70  8:28  SCV x2  
  70  8:33  Marine x2  
  72  8:39  Marine  
  72  8:40  SCV x2  
  74  8:50  Marine  
  74  8:52  SCV  
  76  8:55  Medivac  
  76  8:58  Supply Depot  
  77  9:10  Marine  
  77  9:16  Supply Depot  
  78  9:19  Siege Tank, Marine x2  
  83  9:28  Marine  
  84  9:37  Marine  
  85  9:41  Command Center  
  85  9:45  Marine  
  85  9:46  SCV, Marine  
  85  9:47  SCV  
  89  9:58  Marine  
  89  9:59  SCV x2  
  92  10:03  Marine  
  93  10:11  SCV  
  93  10:12  SCV  
  94  10:20  Marine x2  
  78  10:22  Siege Tank  
  78  10:24  Medivac x2  
  78  10:25  SCV  
  78  10:26  SCV  
  87  10:28  Engineering Bay  
  87  10:31  Refinery  
  87  10:35  Terran Infantry Weapons Level 1  
  87  10:38  SCV  
  88  10:53  Medivac  
  90  10:58  SCV x2  
  90  11:00  Orbital Command  
  92  11:07  Marine x2  
  92  11:08  Liberator, Marine  
  92  11:09  Combat Shields  
  95  11:13  Terran Infantry Armor Level 1  
  95  11:14  SCV x2  
  95  11:17  Supply Depot  
  97  11:20  Barracks  
  97  11:22  Starport  
  97  11:25  Medivac  
  99  11:26  SCV x2  
  99  11:31  Supply Depot  
  104  11:33  Marine x2  
  105  11:54  Marine x3  
  104  12:08  SCV x2  
  104  12:12  Marine x2  
  108  12:18  SCV  
  108  12:19  Marine  
  108  12:20  SCV  
  108  12:21  Marine  
  112  12:22  Starport Tech Lab  
  112  12:25  SCV  
  112  12:27  Missile Turret x2  
  112  12:28  Missile Turret  
  113  12:30  SCV, Marine x2  
  116  12:41  Command Center  
  116  12:43  Marine x2  
  118  12:48  Marine  
  119  12:55  Marine  
  120  12:59  Siege Tank  
  120  13:01  Medivac  
  125  13:15  Supply Depot  
  125  13:16  Supply Depot  
  125  13:20  Armory, Supply Depot  
  125  13:27  Medivac, Marine x4  
  124  13:36  Siege Tank  
  124  13:38  Supply Depot  
  124  13:39  Supply Depot  
  124  13:42  Supply Depot x2  
  124  13:45  Marine x4  
  118  13:55  Refinery  
  118  13:56  Refinery  
  118  14:01  Raven  
  118  14:02  Supply Depot  
  120  14:03  Medivac x2, Marine x4  
  120  14:08  Siege Tank  
  131  14:10  Planetary Fortress  
  131  14:19  SCV  
  131  14:20  SCV x2, Marine  
  136  14:30  Terran Infantry Weapons Level 2  
  136  14:33  Viking x2  
  136  14:34  Barracks Reactor  
  136  14:38  Refinery  
  138  14:39  Barracks x2  
  138  14:40  Siege Tank  
  137  14:53  SCV x2, Marine x3  
  137  14:56  Missile Turret  
  142  15:03  Viking x2  
  146  15:08  SCV x2  
  146  15:12  Siege Tank  
  151  15:14  Marine  
  151  15:15  Marine x4  
  156  15:23  Command Center  
  156  15:28  Barracks Reactor x2  
  156  15:29  Missile Turret  
  156  15:32  Marine x2  
  156  15:33  Marine x3  
  128  15:50  Marine x3  
  128  15:51  Marine x2  
  127  16:08  Marine x5  
  127  16:09  Marine x2  
  130  16:17  Marine x2  
  121  16:26  Marine x7  
  121  16:27  Siege Tank, Medivac  
  122  16:35  Marine x2  
  119  16:43  Marine  
  119  16:44  Marine x4  
  123  16:51  Marine x2  
  123  16:52  Marine  
  123  16:53  Marine  
  127  16:54  Orbital Command  
  127  16:57  SCV x2  
  127  16:58  SCV  
  127  16:59  Siege Tank  
  133  17:07  Marine x2  
  133  17:08  Marine x3  
  138  17:09  SCV  
  138  17:10  SCV  
  137  17:22  Marine x4  
  140  17:24  Medivac x2  
  145  17:30  Marine x2  
  145  17:31  Siege Tank, Marine x2  
  152  17:46  Marine  
  152  17:47  Marine x4  
  152  17:48  Marine  
  126  17:53  Marine  
  126  17:54  Marine x2  
  126  18:03  Medivac x2  
  126  18:04  Siege Tank, Marine x2  
  126  18:05  Marine x3  
  138  18:06  Marine  
  136  18:14  Terran Vehicle Weapons Level 1  
  118  18:27  Marine x3  
  118  18:28  Marine x3  
  118  18:31  Command Center  
  121  18:35  Marine x3  
  121  18:37  Medivac  
  121  18:39  Viking  
  121  18:40  Siege Tank  
  131  18:45  Marine  
  131  18:48  Refinery  
  132  18:50  Refinery  
  132  18:53  Marine  
  132  18:54  Marine x4  
  131  19:06  Marine x4  
  126  19:12  Siege Tank  
  126  19:16  Marine x5  
  130  19:23  Marine  
  128  19:26  Marine  
  129  19:34  Marine  
  127  19:41  Marine  
  113  19:54  Marine x2  
  113  19:59  Marine  
  91  20:06  Orbital Command  
  79  20:12  Marine  
  72  20:17  Marine  
  72  20:19  Factory  
  72  20:21  Factory  
  72  20:23  Factory  
  62  20:45  Barracks  
  62  20:47  Barracks  
  55  20:50  Barracks  
  45  21:08  Factory Tech Lab x2  
  45  21:09  Factory Tech Lab  
  39  21:12  Starport  
  39  21:15  Refinery  
  36  21:23  Siege Tank  
  35  21:39  Marine x2  
  34  21:40  Marine  
  34  21:41  Siege Tank  
  34  21:46  Refinery  
  36  21:47  SCV  
  35  21:57  Marine  
  35  21:58  Marine x2  
  35  22:02  Starport Reactor  
  35  22:15  Marine  
  36  22:28  Marine x2  
  37  22:33  Marine  
Tags
 
Add a new tag
Caveats
  • Supply blocks, unpowered buildings, or Contaminate may cause inaccurate times.
  • Supply counts are checked every 10 seconds.